Cogmind - Beta 14 @@@ ROGUE MODE // 2025.03.08 @ 23:52:02 Player: Scringis Result: Self-destructed Performance ------------- Evolutions (1) 500 Regions Visited (5) 1000 Robots Destroyed (15) 75 Value Destroyed (388) 388 Prototype IDs (25) 500 Alien Tech Used (0) 0 Bonus (300) 300 TOTAL SCORE: 2763 Bonus ------- Aligned with FarCom 300 Cogmind --------- Core Integrity 273/400 Matter 276/300 Energy 280/280 System Corruption 2% Temperature Warm (140) Movement Treading (160) Location -8/Mines Parts ------- > --- POWER (1) -------- Heavy Ion Engine > --- PROPULSION (2) --- Light Treads > --- UTILITY (2) ------ Small Storage Unit > --- WEAPON (4) ------- (None) > --- INVENTORY (8) ---- Advanced Targeting Computer Advanced Targeting Computer Advanced Targeting Computer Advanced Targeting Computer Trap Reconfigurator Light Cannon Peak State ------------ > --- POWER ------------ Heavy Ion Engine > --- PROPULSION ------- Light Treads Light Treads > --- UTILITY ---------- Small Storage Unit > --- WEAPON ----------- Heavy EM Pulse Gun Heavy EM Pulse Gun > --- INVENTORY -------- Advanced Targeting Computer Advanced Targeting Computer Advanced Targeting Computer Advanced Targeting Computer Trap Reconfigurator EM Pulse Gun Assault Rifle Light Cannon [Rating: 12] Favorites ----------- Power Heavy Ion Engine Engine Heavy Ion Engine Propulsion Light Treads Treads Light Treads Utility Small Storage Unit Storage Small Storage Unit Weapon Heavy EM Pulse Gun Energy Gun Heavy EM Pulse Gun Ballistic Gun Assault Rifle Build | -11 -10 -9 -9 -9 -8 ------- Run | Yrd Mat Mat Min Exi Min Slots Evolved 2 | . . 2 . . . Power . | . . . . . . Propulsion . | . . . . . . Utility . | . . . . . . Weapon 2 | . . 2 . . . Parts Attached 12 | 6 3 1 . . 2 Power 2 | 1 . 1 . . . Engine 2 | 1 . 1 . . . Core . | . . . . . . Reactor . | . . . . . . Propulsion 2 | 2 . . . . . Treads 2 | 2 . . . . . Leg . | . . . . . . Wheel . | . . . . . . Hover . | . . . . . . Flight . | . . . . . . Utility 1 | 1 . . . . . Device . | . . . . . . Storage 1 | 1 . . . . . Processor . | . . . . . . Hackware . | . . . . . . Protection . | . . . . . . Artifact . | . . . . . . Weapon 7 | 2 3 . . . 2 Energy Gun 6 | 2 3 . . . 1 Energy Cannon . | . . . . . . Ballistic Gun 1 | . . . . . 1 Ballistic Cannon . | . . . . . . Launcher . | . . . . . . Special Weapon . | . . . . . . Impact Weapon . | . . . . . . Slashing Weapon . | . . . . . . Piercing Weapon . | . . . . . . Special Melee Weapon . | . . . . . . Unidentified Prototypes 2 | . 1 1 . . . Parts Lost 5 | . . . . . 5 Power . | . . . . . . Propulsion 1 | . . . . . 1 Utility . | . . . . . . Weapon 4 | . . . . . 4 Highest Loss Streak 5 | . . . . . 5 To Critical Strikes . | . . . . . . Average Slot Usage (%) 71 | . 85 66 66 66 63 Engine 11 | . 14 11 11 11 11 Treads 23 | . 28 22 22 22 19 Storage 11 | . 14 11 11 11 11 Energy Gun 23 | . 28 22 22 22 19 Peak Build Rating 12 | 6 8 11 11 12 12 Average Rating 9 | 4 6 9 11 11 11 On Entrance 8 | . 6 8 11 11 12 Naked Turns . | . . . . . . Heaviest Build 19 | 14 16 19 19 19 19 Greatest Support 40 | 40 40 40 40 40 40 Greatest Overweight (x) . | . . . . . . Average Overweight (x) . | . . . . . . Largest Inventory Capacity 8 | 8 8 8 8 8 8 Average Capacity 7 | 7 8 8 8 8 8 Most Carried 8 | 5 6 8 7 8 8 Average Carried 5 | 2 2 6 7 7 7 Final Capacity 8 | 8 8 8 8 8 8 Final Carried 8 | 2 4 7 7 8 6 Class Distribution -------------------- 100% | Mutant Dominant Class ---------------- Mutant | -10/Materials Mutant | -9/Materials Mutant | -9/Mines Mutant | -9/Exiles Mutant | -8/Mines Resources | -11 -10 -9 -9 -9 -8 ----------- Run | Yrd Mat Mat Min Exi Min Matter Collected 296 | 222 38 36 . . . Remotely . | . . . . . . Salvage Created 509 | . 301 75 73 . 60 Parts 43 | . 30 3 7 . 3 Haulers Intercepted 1 | . . 1 . . . Recyclers Shooed . | . . . . . . Parts Field Recycled . | . . . . . . Retrieved Matter . | . . . . . . Parts Self-Destructed . | . . . . . . Prevented . | . . . . . . Kills | -11 -10 -9 -9 -9 -8 ------- Run | Yrd Mat Mat Min Exi Min Combat Hostiles Destroyed 10 | . 8 . 1 . 1 Guns 8 | . 6 . 1 . 1 AOE 2 | . 2 . . . . Classes Destroyed 7 | . 4 1 2 . . Builder 1 | . . . 1 . . Hauler 1 | . . 1 . . . Operator 2 | . 1 1 . . . Watcher 1 | . 1 . . . . Swarmer 3 | . 3 . . . . Grunt 6 | . 5 . . . 1 Brawler 1 | . . . 1 . . Best Kill Streak 5 | . 5 1 1 . 1 Combat Bots Only 5 | . 5 . 1 . 1 Max Kills in Single Turn 1 | . 1 1 1 . 1 Gunslinging . | . . . . . . Exploded 1 | . 1 . . . . Melee . | . . . . . . Uniques/NPCs Destroyed . | . . . . . . Combat | -11 -10 -9 -9 -9 -8 -------- Run | Yrd Mat Mat Min Exi Min Hostile Shots Fired 49 | . 25 . 4 . 20 Missed 10 | . 7 . . . 3 Damage Taken 761 | . 238 . 96 . 427 Core 154 | . 27 . . . 127 Absorbed by Shields . | . . . . . . Core Remaining (%) 94 | 100 89 . . . . Volleys Fired 40 | . 21 5 4 . 10 Largest 2 | . 2 2 2 . 2 Hottest 90 | . 80 90 90 . 90 Shots Fired 79 | . 42 10 9 . 18 Gun 79 | . 42 10 9 . 18 Cannon . | . . . . . . Launcher . | . . . . . . Special . | . . . . . . Kinetic 3 | . . . . . 3 Thermal . | . . . . . . Explosive . | . . . . . . Electromagnetic 76 | . 42 10 9 . 15 Robot Hit Streak 7 | . 7 2 5 . 7 Robot Miss Streak 4 | . 4 2 2 . 2 Penetration Max . | . . . . . . Secondary Targets 1 | . 1 . . . . Max Gunslinging Chain 1 | . 1 . . . . Shots Hit Robots 43 | . 23 4 7 . 9 Core Hits 21 | . 12 2 3 . 4 Critical Kills . | . . . . . . Critical Parts Destroyed . | . . . . . . Critical Strikes 1 | . 1 . . . . Corrupt 1 | . 1 . . . . Melee Attacks . | . . . . . . Impact . | . . . . . . Slashing . | . . . . . . Piercing . | . . . . . . Sneak Attacks . | . . . . . . Combat Hostiles . | . . . . . . Follow-up Attacks . | . . . . . . Damage Inflicted 705 | . 380 78 95 . 152 Guns 603 | . 315 70 95 . 123 Cannons . | . . . . . . Explosions 94 | . 65 . . . 29 Melee . | . . . . . . Ramming 8 | . . 8 . . . Kinetic 24 | . . . . . 24 Thermal 94 | . 65 . . . 29 Explosive . | . . . . . . Electromagnetic 579 | . 315 70 95 . 99 Impact . | . . . . . . Slashing . | . . . . . . Piercing . | . . . . . . Highest Corruption 2 | . . 2 2 2 2 Average Corruption 2 | . . 2 2 2 2 Corruption Purged . | . . . . . . Corruption Blocked . | . . . . . . Effects 10 | . . . 3 5 2 Matter Fused 3 | . . . 1 1 1 Heat Flow Errors 1 | . . . . 1 . Energy Discharges 3 | . . . 1 1 1 Data Loss (minor) 1 | . . . . 1 . Data Loss (major) 1 | . . . . 1 . Misfires 1 | . . . 1 . . Overload Shots . | . . . . . . Overflow Damage 18 | . . . . . 18 Projectiles . | . . . . . . Explosions 18 | . . . . . 18 Melee . | . . . . . . Knockbacks . | . . . . . . Impact . | . . . . . . Kinetic . | . . . . . . Secondary . | . . . . . . Self-Inflicted Damage 71 | . 24 . . . 47 Shots 2 | . 1 . . . 1 Rammed 1 | . . 1 . . . Targets Rammed 1 | . . 1 . . . Kicked . | . . . . . . Crushed . | . . . . . . Highest Temperature 260 | . 126 42 96 260 166 Average Temperature 58 | . 40 22 44 136 100 Received Heat Transfer 108 | . 18 . . . 90 Siege Activations . | . . . . . . Robots Corrupted . | . . . . . . Combat Hostiles . | . . . . . . Parts Fried 4 | . 2 2 . . . Impact Corruptions . | . . . . . . Robots Melted . | . . . . . . Combat Hostiles . | . . . . . . Parts Melted . | . . . . . . Heat Transferred 150 | . 100 . . . 50 Parts Sabotaged . | . . . . . . Parts Stolen . | . . . . . . Parts Stripped . | . . . . . . Power Chain Reactions 3 | . 2 . . . 1 Alert | -11 -10 -9 -9 -9 -8 ------- Run | Yrd Mat Mat Min Exi Min Peak Influence 219 | . 219 134 87 . 55 Initial 92 | . . 92 52 . . Average 110 | . 150 129 78 . 17 Maximum Alert Level 1 | . 1 . . . . Low Security (%) 80 | 100 48 100 100 . 100 Level 1 19 | . 51 . . . . Level 2 . | . . . . . . Level 3 . | . . . . . . Level 4 . | . . . . . . Level 5 . | . . . . . . High Security . | . . . . . . Max Security . | . . . . . . Squads Dispatched 3 | . 2 1 . . . Investigation . | . . . . . . Extermination . | . . . . . . Reinforcement 3 | . 2 1 . . . Assault . | . . . . . . Garrison . | . . . . . . Intercept . | . . . . . . Searches Triggered . | . . . . . . Construction Impeded . | . . . . . . Haulers Reinforced . | . . . . . . Active Scanning Responses . | . . . . . . Cargo Convoy Interrupts . | . . . . . . Stealth | -11 -10 -9 -9 -9 -8 --------- Run | Yrd Mat Mat Min Exi Min Distress Signals 2 | . 1 1 . . . Communications Jammed . | . . . . . . Distress Signals . | . . . . . . Times Spotted 15 | . 9 1 2 . 3 Peak Tracking Total 4 | . 4 1 2 . 3 Tactical Retreats 1 | . 1 . . . . Traps | -11 -10 -9 -9 -9 -8 ------- Run | Yrd Mat Mat Min Exi Min Traps Triggered 3 | . 2 1 . . . Indirectly . | . . . . . . Trap Hack Attempts . | . . . . . . Triggered . | . . . . . . Disarmed . | . . . . . . Reprogrammed . | . . . . . . Reused . | . . . . . . Traps Extracted . | . . . . . . Installed . | . . . . . . Triggered . | . . . . . . Machines | -11 -10 -9 -9 -9 -8 ---------- Run | Yrd Mat Mat Min Exi Min Machines Disabled 5 | . . 1 . . 4 Max in Single Turn 1 | . . 1 . . 1 Machines Repaired . | . . . . . . Machines Dismantled . | . . . . . . Machines Sabotaged . | . . . . . . Overloaded Fab Kills . | . . . . . . Hacking | -11 -10 -9 -9 -9 -8 --------- Run | Yrd Mat Mat Min Exi Min Machines Accessed 1 | . . . . 1 . Terminals . | . . . . . . Fabricators . | . . . . . . Repair Stations . | . . . . . . Recycling Units . | . . . . . . Scanalyzers . | . . . . . . Garrison Access . | . . . . . . Total Hacks 1 | . . . . 1 . Successful 1 | . . . . 1 . Failed . | . . . . . . Catastrophic . | . . . . . . Database Lockouts . | . . . . . . Manual 1 | . . . . 1 . Terminals . | . . . . . . Fabricators . | . . . . . . Repair Stations . | . . . . . . Recycling Units . | . . . . . . Scanalyzers . | . . . . . . Garrison Access . | . . . . . . Terminal Hacks 1 | . . . . 1 . Derelict Proto ID Bank 1 | . . . . 1 . Fabricator Hacks . | . . . . . . Repair Station Hacks . | . . . . . . Recycling Unit Hacks . | . . . . . . Scanalyzer . | . . . . . . Garrison Access Hacks . | . . . . . . Unauthorized Hacks . | . . . . . . Terminals . | . . . . . . Fabricators . | . . . . . . Repair Stations . | . . . . . . Recycling Units . | . . . . . . Scanalyzers . | . . . . . . Garrison Access . | . . . . . . Data Cores Recovered . | . . . . . . Used . | . . . . . . Hacking Detections . | . . . . . . Full Trace Events . | . . . . . . Feedback Events . | . . . . . . Feedback Blocked . | . . . . . . Robot Schematics Acquired . | . . . . . . Robots Built . | . . . . . . Authchips . | . . . . . . Time . | . . . . . . Total Robot Build Rating . | . . . . . . Part Schematics Acquired . | . . . . . . Parts Built . | . . . . . . Authchips . | . . . . . . Time . | . . . . . . Total Part Build Rating . | . . . . . . Parts Repaired . | . . . . . . Time . | . . . . . . Parts Recycled . | . . . . . . Recycled Matter . | . . . . . . Retrieved Matter . | . . . . . . Retrieved Components . | . . . . . . Parts Scanalyzed . | . . . . . . Part Schematics Acquired . | . . . . . . Parts Damaged . | . . . . . . Bothacking | -11 -10 -9 -9 -9 -8 ------------ Run | Yrd Mat Mat Min Exi Min Used RIF Installer . | . . . . . . Robots Hacked . | . . . . . . Non-combat . | . . . . . . Combat . | . . . . . . Robot Hacks Applied . | . . . . . . Relay Couplers Released . | . . . . . . Fabnet Peak Effective % . | . . . . . . Robots Rewired . | . . . . . . Allies Hacked . | . . . . . . Hacks Repelled . | . . . . . . Allies | -11 -10 -9 -9 -9 -8 -------- Run | Yrd Mat Mat Min Exi Min Total Allies . | . . . . . . Largest Group . | . . . . . . Highest-Rated Group . | . . . . . . Highest-Rated Ally . | . . . . . . Total Orders . | . . . . . . Ally Attacks . | . . . . . . Total Damage . | . . . . . . Kills . | . . . . . . Allies Corrupted . | . . . . . . Allies Melted . | . . . . . . Intel | -11 -10 -9 -9 -9 -8 ------- Run | Yrd Mat Mat Min Exi Min Robot Analysis Total . | . . . . . . Derelict Logs Recovered 1 | . . . 1 . . Drone Launches . | . . . . . . Drone Recoveries . | . . . . . . Exploration | -11 -10 -9 -9 -9 -8 ------------- Run | Yrd Mat Mat Min Exi Min Turns Passed 1226 | 68 333 266 169 336 54 Spaces Moved 663 | 45 152 151 90 210 15 Core 15 | 15 . . . . . Treads 648 | 30 152 151 90 210 15 Legs . | . . . . . . Wheels . | . . . . . . Hover . | . . . . . . Flight . | . . . . . . Fastest Speed 50 | 50 160 160 160 160 160 Average Speed 157 | 123 160 160 160 160 160 Slowest Speed 160 | 160 160 160 160 160 160 Overloaded Moves . | . . . . . . Propulsion Burnouts . | . . . . . . Robots Hopped . | . . . . . . Cave-ins Triggered . | . . . . . . Exploration Rate (%) 25 | 4 37 17 25 61 7 Regions Visited 5 Branch Regions 3 Pre-discovered Areas . | . . . . . . Known Exits Taken . | . . . . . . Unknown Exits Taken 5 | 1 1 1 1 1 . Scrap Searched 2 | . . . 2 . . Spaces Dug . | . . . . . . Terrain Destroyed 2 | . 2 . . . . Melee . | . . . . . . Projectile . | . . . . . . AOE 2 | . 2 . . . . Terrain Rammed . | . . . . . . Walls Destroyed . | . . . . . . Machines Disabled . | . . . . . . Actions | -11 -10 -9 -9 -9 -8 --------- Run | Yrd Mat Mat Min Exi Min Total 767 | 58 200 165 107 210 27 Wait 34 | . 19 1 14 . . Move 658 | 44 151 150 89 209 15 Hop . | . . . . . . Pick Up 18 | 8 4 5 . 1 . Fast Attach . | . . . . . . Attach 10 | 6 2 . . . 2 Detach . | . . . . . . Swap 2 | . 1 1 . . . Drop 4 | . 2 2 . . . Fire 40 | . 21 5 4 . 10 Melee . | . . . . . . Ram . | . . . . . . Kick . | . . . . . . Crush 1 | . . 1 . . . Escape Stasis . | . . . . . . Rewire . | . . . . . . Trap . | . . . . . . Miscellaneous . | . . . . . . Route ------- -11/Scrapyard -10/Materials (discovered 2 exits: [*Mat] / [*Min]) -9/Materials -9/Mines (discovered 2 exits: [*Mat] / *Exi) -9/Exiles -8/Mines History --------- Turn | Location | Event 8 | -11/Scrapyard | Discovered new exit (range 15) 69 | -11/Scrapyard | Entered Materials 282 | -10/Materials | Discovered new exit (range 16) 317 | -10/Materials | Build established: Mutant 362 | -10/Materials | Discovered new exit (range 7) 402 | -10/Materials | Entered another Materials area 402 | -9/Materials | Evolved 2 slots: Weapon x2 598 | -9/Materials | Discovered new exit (range 7) 638 | -9/Materials | Met 8R-AWN 668 | -9/Materials | Entered Mines 669 | -9/Mines | Followed 8R-AWN into the Mines 678 | -9/Mines | Met a Derelict bent on vengeance 689 | -9/Mines | Discovered new exit (range 8) 803 | -9/Mines | Learned 2 Materials zone layouts 830 | -9/Mines | Discovered new exit (range 5) 837 | -9/Mines | Entered Exiles 876 | -9/Exiles | Welcomed by 8R-AWN 903 | -9/Exiles | Met EX-HEX 949 | -9/Exiles | Met EX-BIN 970 | -9/Exiles | Aligned with FarCom system 972 | -9/Exiles | Given EX-Vault access code 1009 | -9/Exiles | Opened EX-Vault 1020 | -9/Exiles | Found Trap Reconfigurator 1054 | -9/Exiles | Warned to stay clear of 0b10 Research branches 1102 | -9/Exiles | Met EX-DEC 1160 | -9/Exiles | Discovered new exit (range 10) 1173 | -9/Exiles | Left Exiles lab with Trap Reconfigurator 1173 | -9/Exiles | Entered Mines 1227 | -8/Mines | Self-destructed Last Messages --------------- that..." 01106_ System corrupted: Component data lost. 01160_ EXIT=FOUND LOCATION=UNKNOWN GOAL=ESCAPE 01173_ Receiving FarCom transmissions... 01174_ System corrupted: Energy discharge (-84). 01196_ Core Extractor disabled. 01203_ System corrupted: Matter fused (-6). 01206_ Core Extractor disabled. 01211_ Hvy. EM Pulse Gun destroyed. 01212_ G-47 Trooper destroyed. 01214_ Lgt. Treads destroyed. 01214_ Chain reaction triggered in Imp. Ion Engine. 01214_ Hvy. EM Pulse Gun destroyed. 01214_ Destroyed Hvy. EM Pulse Gun. 01224_ Core Extractor disabled. 01225_ EM Pulse Gun destroyed. 01226_ Assault Rifle destroyed. Map ----- +----------------------------------------------------+ | ???????????????????????????????????????????? | | ???????????????????????????????????????????? | | ???????????????????????????????????????????? | | ???????????????????????????????????????????? | | ???????????????????????????????????????????? | | ???????????????????????????????????????????? | | ???????????????????????????????????????????? | | ???????????????????????????????????????????? | | ???????????????????????????????????????????? | | ???????????????????????????????????????????? | | ???????????????????????????????????????????? | | ???????????????????????????????????????????? | | ???????????????????????????????????????????? | | ???????????????????????????????????????????? | | ???????????????????????????????????????????? | | ???????????????????????????????????????????? | | ???????????????????????????????????????????? | | ???????????????????????????????????????????? | | ??????????????????????h????????????????????? | | ???????????????????????????????????????????? | | ???????????????????????????????????????????? | | ???????????????????????????????????????????? | | ???????????????????###?????????????????????? | | ?????????????????###T#############?????????? | | ?????????????????# #?????????? | | ?????????????????# @ "" """ #?????????? | | ?????????????????# l g! "" #?????????? | | ?????????????????# =%="" """ #?????????? | | ?????????????????# #?????????? | | ?????????????????# "" "" """ #?????????? | | ?????????????????# """ """ """ #?????????? | | ?????????????????# """ """ """ ?????????? | | ?????????????????# ?????????????? | | ?????????????????# ??????????????? | | ?????????????????############??????????????? | | ???????????????????????????????????????????? | | ???????????????????????????????????????????? | | ???????????????????????????????????????????? | | ???????????????????????????????????????????? | | ???????????????????????????????????????????? | | ???????????????????????????????????????????? | | ???????????????????????????????????????????? | | ???????????????????????????????????????????? | | ???????????????????????????????????????????? | | ???????????????????????????????????????????? | | ???????????????????????????????????????????? | | ???????????????????????????????????????????? | | | | | | | +----------------------------------------------------+ Best States ------------- Heat Dissipation 28 Energy Generation 14 Energy Capacity 280 Matter Stores 300 Matter Capacity 300 Sight Range 16 Terrain Scan Density 10 Evasion (%) 50 Recoil Reduction 2 Item Schematics ----------------- None Robot Schematics ------------------ None Fabricated ------------ Nothing Alien Tech Used ----------------- None Achievements -------------- None Challenges ------------ None Game ------ Seed ExpertTerrainStatue Manual? 0 Play Time 00:06:07 Cumulative 20.8 hours Start 2025.03.08 @ 23:46:28 End 2025.03.08 @ 23:52:02 Sessions 1 Manual Loads 0 Difficulty Rogue Special Mode None Game No. 66 Rogue 66 Adventurer 0 Explorer 0 Win Type - Total 0 Types 0/0/0/0/0/0/0/0/0 Lore% 11 Gallery% 22 Achievement% 21 Wizard Run 0 Options --------- Layout 1 ASCII 0 Keyboard 0 Movement Numpad Keybinds 0 Fullscreen 2 Font 24/Smallcaps Map View 50x35 Zoom Use 0% Tactical HUD 1 Map Filters NONE Filters NONE Steam 1 RUN: 3fe59b76-2c36-4420-bd0a-9842334c435c